 Dungeon Crawl Stone Soup version 0.21.1-1-g345015f (webtiles) character file.

1889 dstrtnsr the Fighter (level 9, 0/96 HPs)
             Began as an Ogre Necromancer on May 12, 2018.
             Was a Follower of Cheibriados.
             Succumbed to a worker ant's poison
             ... on level 6 of the Dungeon.
             The game lasted 00:35:54 (3704 turns).

dstrtnsr the Fighter (Ogre Necromancer)             Turns: 3704, Time: 00:35:54

Health: 0/96       AC:  4    Str: 16    XL:     9   Next: 15%
Magic:  1/13       EV: 10    Int: 21    God:    Cheibriados [*.....]
Gold:   221        SH:  0    Dex: 11    Spells: 1/14 levels left

rFire    + . .     SeeInvis +     - Unarmed
rCold    . . .     Gourm    .   (no shield)
rNeg     . . .     Faith    .   n - +1 robe {rF+}
rPois    .         Spirit   .   (helmet restricted)
rElec    .         Reflect  .   (no cloak)
rCorr    .         Harm     .   (gloves unavailable)
MR       +....                  (boots unavailable)
Stlth    ++........             (no amulet)
HPRegen  0.26/turn              i - ring of see invisible
MPRegen  0.13/turn              m - ring of protection from magic

@: lethally poisoned (0 -> -10), very slightly contaminated, very slow
A: large, unfitting armour, tough skin 1
a: Bend Time, Renounce Religion


You were on level 6 of the Dungeon.
You worshipped Cheibriados.
Cheibriados was aware of your devotion.
You were not hungry.

You visited 2 branches of the dungeon, and saw 7 of its levels.

You collected 221 gold pieces.

Inventory:

Hand Weapons
 g - a +0 whip
Missiles
 j - a stone (quivered)
 q - a throwing net {!f}
Armour
 n - a +1 robe of fire resistance (worn)
 p - a +0 shield
Jewellery
 i - a ring of see invisible (left hand)
 l - an uncursed ring of stealth
 m - a ring of protection from magic (right hand)
Wands
 I - a wand of iceblast (5)
Scrolls
 d - a scroll of remove curse {@r2!d}
 e - 2 scrolls of amnesia
 f - a scroll of magic mapping
 h - a scroll of teleportation {!d}
Books
 b - a book of Necromancy

   Spells                             Type                      Level
   a - Pain                           Necromancy                   1
   b - Animate Skeleton               Necromancy                   1
   c - Vampiric Draining              Necromancy                   3
   d - Regeneration                   Charms/Necromancy            3
   e - Animate Dead                   Necromancy                   4
   f - Borgnjor's Vile Clutch         Necromancy/Earth             5
Comestibles
 w - 5 rations {!d}


   Skills:
 - Level 8.1 Fighting
 - Level 1.7 Dodging
 - Level 1.4 Stealth
 * Level 7.0 Unarmed Combat
 - Level 3.0 Spellcasting
 - Level 1.0 Charms
 - Level 6.1 Necromancy


You had one spell level left.
You knew the following spells:

 Your Spells              Type           Power        Failure   Level  Hunger
a - Pain                  Necr           ####         1%          1    None
b - Borgnjor's Vile Clut  Necr/Erth      ###.......   71%         5    ######.
r - Regeneration          Chrm/Necr      ###.......   9%          3    ###....
s - Animate Skeleton      Necr           N/A          1%          1    None
v - Vampiric Draining     Necr           ####......   3%          3    ###....


Dungeon Overview and Level Annotations

Branches:
Dungeon (6/15)             Temple (1/1) D:5

Altars:
Ashenzari
Cheibriados
Dithmenos
Elyvilon
Fedhas
Gozag
Hepliaklqana
Kikubaaqudgha
Makhleb
Nemelex Xobeh
Okawaru
Qazlal
Ru
Sif Muna
Trog
Uskayaw
Vehumet
Wu Jian
Xom
Zin
The Shining One

Annotations:
D:5 exclusion: downstairs
D:6 Blork the orc, Edmund, Sigmund


Innate Abilities, Weirdness & Mutations

You are too large for most types of armour.
You have tough skin. (AC +1)


Message History

The worker ant is heavily wounded.
Your skin stops crawling.
You feel sick. The worker ant bites you.
* * * LOW HITPOINT WARNING * * *
The orc priest barely misses you.
Damage: -1%(-1hp) hp: 44%(42hp)
You barely miss the worker ant.
The worker ant is heavily wounded.
The worker ant barely misses you. The orc priest hits you.
* * * LOW HITPOINT WARNING * * *
Damage: -2%(-2hp) hp: 42%(40hp)
You closely miss the worker ant.
The worker ant is heavily wounded.
The worker ant bites you.
* * * LOW HITPOINT WARNING * * *
The orc priest closely misses you.
Damage: -4%(-4hp) hp: 38%(36hp)
You punch the orc priest!
The orc priest is almost dead.
You feel sick. The worker ant barely misses you.
The orc priest invokes the aid of Beogh against you.
Beogh smites you!
* * * LOW HITPOINT WARNING * * *
Huge Dmg: -14%(-13hp) hp: 24%(23hp)
You hit the orc priest.
You kill the orc priest!
Cheibriados appreciates the change of pace.
The worker ant barely misses you.
Unknown command.
You hit the worker ant but do no damage.
The worker ant is heavily wounded.
You feel sick. The worker ant bites you!
* * * LOW HITPOINT WARNING * * *
You are more poisoned.
The worker ant poisons you! The worker ant misses you.
Huge Dmg: -8%(-8hp) hp: 17%(16hp) Unknown command.
Casting: Vampiric Draining
Confirm with . or Enter, or press ? or * to list all spells.
Aiming: Pain
Press: ? - help, Shift-Dir - straight line, f/p - worker ant
Aim: a worker ant (heavily wounded, chance to defeat MR: 89%)
The worker ant writhes in agony!
You feel sick. The worker ant barely misses you.
Damage: -2%(-2hp) hp: 15%(14hp) Unknown command.
You barely miss the worker ant.
The worker ant is heavily wounded.
The worker ant barely misses you.
Unknown command.
You hit the worker ant.
The worker ant is severely wounded.
You feel sick. The worker ant bites you.
* * * LOW HITPOINT WARNING * * *
Huge Dmg: -5%(-5hp) hp: 10%(9hp) Evoke which item? (* to show all) (? for menu, Esc to quit)
Aiming: Iceblast
Press: ? - help, Shift-Dir - straight line, p - worker ant Out of range.
Okay, then.
Unknown command.
You barely miss the worker ant.
The worker ant is severely wounded.
You feel sick. The worker ant bites you.
* * * LOW HITPOINT WARNING * * *
Huge Dmg: -3%(-3hp) hp: 7%(6hp)
You hit the worker ant.
The worker ant is almost dead.
The worker ant bites you.
* * * LOW HITPOINT WARNING * * *
You are more poisoned.
The worker ant poisons you!
Damage: -1%(-1hp) hp: 6%(5hp)
You aren't carrying any potions.
Unknown command.
Okay, then.
Unknown command.
You hit the worker ant.
You kill the worker ant!
Cheibriados appreciates the change of pace.
Your Unarmed Combat skill increases to level 7!
* * * LOW HITPOINT WARNING * * *
You feel sick.
Huge Dmg: -2%(-2hp) hp: 4%(3hp) Evoke which item? (* to show all) (? for menu, Esc to quit)
Aiming: Iceblast
Press: ? - help, Shift-Dir - straight line, f - ogre
Aim: an ogre, wielding a giant club (hasn't noticed you)
The mass of ice explodes!
The iceblast engulfs the ogre.
The ogre is moderately wounded.
The ogre shouts!
* * * LOW HITPOINT WARNING * * *
You feel sick.
You hear a shout!
Huge Dmg: -1%(-1hp) hp: 3%(2hp) Unknown command.
You don't have enough magic at the moment.
* * * LOW HITPOINT WARNING * * *
You feel sick.
You die...

.............###.#
##. .......a....# #.#
# ######.###S###.##
##........o.#
.......####a...# #
###.o.........J###...
#.##.####........# #
#.######..###...
#.†O.@@.........
################


You could see Sigmund (invisible) and an ogre.

Vanquished Creatures
  An unseen horror (D:6)
  2 water moccasins
  An ice beast (D:5)
  2 sky beasts
  A phantom (D:6)
  A centaur (D:6)
  2 scorpions (D:5)
  A howler monkey (D:4)
  A jelly (D:5)
  3 orc wizards (D:5)
  4 orc priests
  6 worker ants
  A howler monkey zombie (D:5)
  2 adders
  5 gnolls
  A shadow imp (D:5)
  A dart slug (D:4)
  5 leopard geckos
  17 orcs
  4 bats
  2 giant cockroaches
  8 goblins
  4 hobgoblins
  5 jackals
  A quokka (D:5)
  2 ball pythons
  2 frilled lizards
  6 kobolds
  4 rats
95 creatures vanquished.

Vanquished Creatures (collateral kills)
  A gnoll (D:5)
  An orc (D:5)
  A jackal (D:2)
3 creatures vanquished.

Grand Total: 98 creatures vanquished

Notes
Turn   | Place    | Note
-------+----------+-------------------------------------------
     0 | D:1      | dstrtnsr the Ogre Necromancer began the quest for the Orb.
     0 | D:1      | Reached XP level 1. HP: 16/16 MP: 3/3
    86 | D:1      | HP: 7/18 [kobold/stone (3)]
   130 | D:1      | Reached skill level 1 in Fighting
   206 | D:1      | Reached XP level 2. HP: 8/27 MP: 1/5
   209 | D:1      | Learned a level 1 spell: Animate Skeleton
   262 | D:1      | HP: 10/27 [bat (1)]
   305 | D:1      | HP: 8/28 [bat (1)]
   362 | D:1      | HP: 4/28 [rat (3)]
   390 | D:1      | HP: 4/28 [goblin/club (1)]
   396 | D:1      | Reached skill level 2 in Fighting
   629 | D:2      | Reached XP level 3. HP: 24/35 MP: 1/7
   661 | D:2      | Learned a level 3 spell: Vampiric Draining
   896 | D:3      | Reached skill level 3 in Fighting
   905 | D:3      | Learned a level 3 spell: Regeneration
  1052 | D:4      | Reached XP level 4. HP: 39/45 MP: 3/8
  1084 | D:4      | HP: 16/45 [worker ant (4)]
  1085 | D:4      | Reached skill level 1 in Charms
  1089 | D:4      | HP: 11/45 [poisoned by a worker ant]
  1094 | D:4      | HP: 8/45 [poisoned by a worker ant]
  1100 | D:4      | HP: 6/45 [poisoned by a worker ant]
  1106 | D:4      | HP: 5/45 [poisoned by a worker ant]
  1114 | D:4      | HP: 6/45 [poisoned by a worker ant]
  1177 | D:4      | Noticed a phantom
  1201 | D:5      | Entered Level 5 of the Dungeon
  1250 | D:5      | Reached skill level 4 in Fighting
  1250 | D:5      | Reached XP level 5. HP: 29/54 MP: 2/9
  1257 | D:5      | HP: 21/54 [poisoned by a scorpion]
  1262 | D:4      | HP: 19/54 [poisoned by a scorpion]
  1287 | D:4      | HP: 21/54 [poisoned by a scorpion]
  1558 | D:3      | HP: 22/55 [phantom (6)]
  1596 | D:5      | Noticed a water moccasin
  1608 | D:5      | HP: 18/55 [water moccasin (10)]
  1609 | D:5      | HP: 7/55 [water moccasin (2)]
  1616 | D:5      | HP: 32/82 [water moccasin (3)]
  1621 | D:5      | HP: 27/82 [poisoned by a water moccasin]
  1622 | D:5      | Noticed a sky beast
  1622 | D:5      | Killed a water moccasin
  1622 | D:5      | Reached skill level 5 in Fighting
  1622 | D:5      | Reached skill level 5 in Necromancy
  1622 | D:5      | Reached XP level 6. HP: 31/66 MP: 1/10
  1625 | D:4      | HP: 10/66 [howler monkey (7)]
  1630 | D:4      | HP: 5/66 [poisoned by a water moccasin]
  1635 | D:4      | HP: 4/66 [poisoned by a water moccasin]
  1640 | D:4      | HP: 6/66 [poisoned by a water moccasin]
  1646 | D:4      | HP: 13/66 [poisoned by a water moccasin]
  1664 | D:5      | HP: 15/67 [shadow imp (4)]
  1742 | D:5      | HP: 25/67 [orc/hand axe (5)]
  1825 | D:5      | HP: 26/67 [orc priest/divine providence (10)]
  1870 | D:5      | Noticed an ice beast
  1883 | D:5      | HP: 25/67 [sky beast (6)]
  1904 | D:5      | HP: 21/67 [sky beast (6)]
  1930 | D:5      | Killed a sky beast
  1930 | D:5      | Reached skill level 6 in Fighting
  1930 | D:5      | Reached XP level 7. HP: 26/76 MP: 0/11
  2285 | D:5      | Reached skill level 7 in Fighting
  2406 | D:5      | Found a staircase to the Ecumenical Temple.
  2416 | Temple   | Entered the Ecumenical Temple
  2462 | Temple   | Became a worshipper of Cheibriados the Contemplative
  2743 | D:5      | Found a shadowy altar of Dithmenos.
  2762 | D:5      | HP: 31/78 [scorpion (6)]
  2763 | D:5      | Reached skill level 1 in Unarmed Combat
  2767 | D:5      | HP: 20/78 [poisoned by a scorpion]
  2772 | D:5      | HP: 13/78 [poisoned by a scorpion]
  2777 | D:5      | HP: 11/78 [poisoned by a scorpion]
  2783 | D:5      | HP: 8/78 [poisoned by a scorpion]
  2789 | D:4      | HP: 8/78 [poisoned by a scorpion]
  2795 | D:4      | HP: 8/78 [poisoned by a scorpion]
  2885 | D:5      | Reached XP level 8. HP: 40/88 MP: 1/12
  2886 | D:5      | HP: 34/88 [crimson imp (3)]
  2891 | D:5      | HP: 31/88 [crimson imp (2)]
  2995 | D:6      | Noticed Edmund
  2997 | D:6      | Noticed a manticore
  3145 | D:6      | Reached skill level 8 in Fighting
  3271 | D:6      | Noticed an unseen horror
  3293 | D:5      | Learned a level 5 spell: Borgnjor's Vile Clutch
  3619 | D:6      | Reached * piety under Cheibriados
  3656 | D:6      | Killed an unseen horror
  3656 | D:6      | Reached XP level 9. HP: 47/96 MP: 4/13
  3658 | D:6      | Noticed Blork the orc
  3667 | D:6      | Noticed Sigmund
  3692 | D:6      | HP: 36/96 [worker ant (4)]
  3695 | D:6      | HP: 16/96 [worker ant (7)]
  3699 | D:6      | HP: 6/96 [worker ant (2)]
  3702 | D:6      | HP: 2/96 [poisoned by a worker ant]
  3704 | D:6      | Succumbed to a worker ant's poison

Skill      XL: |  1  2  3  4  5  6  7  8  9 |
---------------+----------------------------+-----
Fighting       | 1 2 3 4 5 6 7 8 |  8.1
Spellcasting   | 3 |  3.0
Necromancy     | 4 5 6 |  6.1
Charms         | 1 |  1.0
Unarmed Combat | 1 6 7 |  7.0
Dodging        | |  1.7
Stealth        | |  1.4

Action                   |  1- 3 |  4- 6 |  7- 9 || total
-------------------------+-------+-------+-------++-------
Melee: Unarmed           |     3 |       |    67 ||    70
       Whip              |    54 |    62 |    69 ||   185
Throw: Stone             |       |     1 |       ||     1
 Cast: Pain              |    53 |    13 |    26 ||    92
       Animate Skeleton  |     5 |     2 |     3 ||    10
       Vampiric Draining |     4 |    13 |    47 ||    64
       Regeneration      |       |    11 |    11 ||    22
Evoke: Wand              |       |       |     5 ||     5
  Use: Scroll            |     4 |     2 |     4 ||    10
       Potion            |       |     5 |       ||     5
  Eat: Chunk             |     1 |     2 |    11 ||    14
       Ration            |       |     1 |     1 ||     2
Armor: Robe              |    33 |    12 |    47 ||    92
Dodge: Dodged            |    51 |    48 |   114 ||   213
